 Dungeon Crawl Stone Soup version 0.31-a0-703-gcfe89afef6 (webtiles) character file.

Game seed: 6163701635945254521

2688 NotBilly007 the Mimic (level 9, 0/89 HPs)
             Began as a Troll Shapeshifter on Sept 9, 2023.
             Was an Initiate of Gozag.
             Slain by an orc warrior
             ... wielding a +0 glaive
              (10 damage)
             ... in a bailey.
             The game lasted 00:22:08 (6015 turns).

NotBilly007 the Mimic (Troll Shapeshifter)          Turns: 6015, Time: 00:22:08

Health: 0/89       AC:  4    Str: 26    XL:     9   Next: 38%
Magic:  8/8        EV:  9    Int:  6    God:    Gozag
Gold:   834        SH:  0    Dex: 11    Spells: 8/8 levels left

rFire   + . .        e - melded +2 short sword (vamp)
rCold   . . .        (shield currently unavailable)
rNeg    . . .        a - +0 animal skin
rPois   .            (helmet restricted)
rElec   .            (no cloak)
rCorr   .            (gloves unavailable)
SInv    .            (boots unavailable)
Will    .....        g - amulet of magic regeneration
Stlth   +            n - ring of protection from fire
HPRegen 1.14/turn    (no ring)
MPRegen 0.51/turn

%: no passive effects
@: flux-form, gold aura, glowing
A: glow, contaminating, large, unfitting armour, claws 3, regeneration 1, shaggy
fur 1, tough skin 1
a: Begin Untransformation, Renounce Religion, Potion Petition, Call Merchant,
Bribe Branch


You were in a bailey.
You worshipped Gozag.
Gozag was pleased with you.
You were something dangerously unstable.
You visited 1 branch of the dungeon, and saw 7 of its levels.
You also visited: Bailey.

You collected 1099 gold pieces.
You spent 226 gold pieces at shops.
You paid 39 gold pieces to Gozag.

Inventory:

Hand Weapons
 e - a +2 vampiric short sword (melded)
 k - a +0 dagger of speed
 u - a +1 hand axe of flaming
 C - a +7 spear
Missiles
 v - 9 poisoned darts
Armour
 a - a +0 animal skin (worn)
Magical Staves
 w - a staff of conjuration
Jewellery
 g - an amulet of magic regeneration (around neck)
 n - a ring of protection from fire (left claw)
Talismans
 c - a beast talisman
 d - a flux talisman (active)
Wands
 l - a wand of charming (3)
 q - a wand of iceblast (8)
 y - a wand of digging (8)
Scrolls
 h - a scroll of immolation
 i - 2 scrolls of blinking
 m - a scroll of acquirement {unknown}
 p - a scroll of amnesia
 r - a scroll of butterflies
 s - 3 scrolls of teleportation
 x - 2 scrolls of brand weapon
 z - a scroll of enchant armour {unknown}
 B - a scroll of revelation {unknown}
Potions
 b - a potion of lignification
 f - 2 potions of resistance
 j - 2 potions of haste
 o - a potion of brilliance {unknown}
 t - a potion of curing
 A - 2 potions of degeneration
 D - 3 potions of heal wounds {unknown}
 E - 4 potions of magic {unknown}
 F - a potion of mutation {unknown}
 G - a potion of invisibility {unknown}


   Skills:
 - Level 6.2 Fighting
 - Level 1.5 Dodging
 + Level 7.3 Unarmed Combat
 + Level 8.0 Shapeshifting


You had 8 spell levels left.
You didn't know any spells.
Your spell library contained the following spells:

 Spells                   Type           Power      Damage    Failure   Level
 Blink                    Tloc           0%         N/A       58%         2
 Lesser Beckoning         Tloc           0%         N/A       58%         2
 Momentum Strike          Conj/Tloc      0%         3d8       58%         2
 Manifold Assault         Tloc           0%         N/A       99%         4
 Dispersal                Tloc           0%         N/A       100%        6
 Disjunction              Tloc           0%         N/A       100%        8


Dungeon Overview and Level Annotations

Branches:
Dungeon (7/15)             Bailey (1/1)
 Temple: D:4-7

Altars:
Cheibriados
Dithmenos
Gozag
Makhleb
Nemelex Xobeh
Sif Muna
Uskayaw
Vehumet
Wu Jian
Xom

Shops:
D:2 :   D:3 *


Innate Abilities, Weirdness & Mutations

You are something dangerously unstable.
You glow with magical radiation, making you easy to see and hit.
Foes you strike become dangerously contaminated with magical radiation.
You are incapable of wielding weapons or throwing items.
You are too large for most types of armour.
You have claws for hands.
Your natural rate of healing is unusually fast.
You are covered in fur. (AC +1)
You have tough skin. (AC +1)


Message History

Okay, then.
Aiming: Iceblast
Press: ? - help, Shift-Dir - straight line The mass of ice explodes!
The iceblast engulfs the orc!
You kill the orc!
The iceblast engulfs the orc knight!
The orc knight is lightly wounded.
The iceblast engulfs the orc!
You kill the orc!
The iceblast engulfs the orc warrior.
The orc warrior is moderately wounded.
The orc warrior hits you from afar with a +0 halberd!!
An orc warrior and an orc come into view.
The orc warrior shouts!
The orc shouts!
The orc knight roars a battlecry!
The orc goes into a battle-frenzy!
The orc warrior moves out of view.
There is a broken gate here.
You scratch the orc warrior.
The orc warrior begins to glow.
The orc warrior is moderately wounded.
The orc warrior hits you with a +0 halberd!
The orc knight is distracted by your dazzling golden aura.
The orc knight shouts!
The orc warrior hits you from afar with a +0 halberd!
The orc warrior is distracted by your dazzling golden aura.
You are too injured to fight recklessly!
Aiming: Iceblast
Press: ? - help, Shift-Dir - straight line The mass of ice explodes!
The iceblast engulfs the orc warrior!
The orc warrior is severely wounded.
The iceblast engulfs the orc!
You kill the orc!
The orc warrior shouts!
An orc knight comes into view. It is wielding a +0 glaive.
The orc warrior hits you from afar with a +0 halberd!!
* * * LOW HITPOINT WARNING * * *
You feel better. The orc warrior closely misses you.
The orc warrior hits you from afar with a +0 glaive!
You die...
Your body crumbles into a pile of gold.

###### #######
#.....#########.....##
....o..#B....#.......####
..#.oo.....'...##.)#)[.
..ooo.$o.....'....8..'...
....#..'.....'...##..#[..
.......#.....#.......####
#.....#########.....##
##### #######


You could see 2 orc knights, 3 orc warriors and an orc (strong).

Vanquished Creatures
  Prince Ribbit (D:5)
  5 orc warriors
  An ice beast (D:6)
  A sky beast (D:6)
  An ogre (D:5)
  A phantom (D:5)
  4 bullfrogs (D:7)
  A gnoll sergeant (D:4)
  3 scorpions
  3 wights (D:6)
  A howler monkey (D:4)
  A lava snake (D:7)
  A hound (D:4)
  A jelly (D:6)
  5 iguanas
  7 orc priests
  A gnoll bouda (D:4)
  6 orc wizards
  8 gnolls
  13 adders
  2 shadow imps
  4 white imps
  3 ufetubi
  2 worms (D:3)
  A dart slug (D:1)
  31 orcs
  5 bats
  7 endoplasms
  5 giant cockroaches
  13 goblins
  6 hobgoblins
  8 jackals
  8 kobolds
  5 quokkas
  5 ball pythons
  2 frilled lizards
  3 rats (D:1)
175 creatures vanquished.

Notes
Turn   | Place    | Note
-------+----------+-------------------------------------------
     0 | D:1      | NotBilly007 the Troll Shapeshifter began the quest for the
                  | Orb.
     0 | D:1      | Reached XP level 1. HP: 18/18 MP: 0/0
   116 | D:1      | Reached XP level 2. HP: 25/26 MP: 1/1
   355 | D:1      | Reached skill level 4 in Shapeshifting
   408 | D:1      | Reached XP level 3. HP: 32/32 MP: 2/2
   650 | D:2      | Reached XP level 4. HP: 37/40 MP: 3/3
   942 | D:2      | Found Syxkib's Book Emporium.
   986 | D:2      | Reached skill level 5 in Shapeshifting
  1483 | D:3      | Found Xinaad's Assorted Antiques.
  1614 | D:3      | Reached XP level 5. HP: 35/46 MP: 4/4
  2240 | D:3      | Found a shimmering altar of Xom.
  2244 | D:3      | Found a shadowy altar of Dithmenos.
  2244 | D:3      | Found a sparkling altar of Nemelex Xobeh.
  2244 | D:3      | Found a shimmering blue altar of Sif Muna.
  2244 | D:3      | Found an opulent altar of Gozag.
  2245 | D:3      | Found a snail-covered altar of Cheibriados.
  2247 | D:3      | Found a radiant altar of Vehumet.
  2248 | D:3      | Found a burning altar of Makhleb.
  2249 | D:3      | Found a hide-covered altar of Uskayaw.
  2599 | D:3      | Found a faded altar of an unknown god.
  2819 | D:3      | Became a worshipper of Gozag Ym Sagoz the Greedy
  2892 | D:4      | Reached skill level 6 in Shapeshifting
  2906 | D:4      | Reached XP level 6. HP: 54/54 MP: 5/5
  3034 | D:4      | Noticed an orc warrior
  3041 | D:4      | Killed an orc warrior
  3042 | D:4      | Reached skill level 7 in Shapeshifting
  3042 | D:4      | Reached skill level 1 in Fighting
  3184 | D:4      | Reached XP level 7. HP: 55/63 MP: 6/6
  3781 | D:5      | Entered Level 5 of the Dungeon
  4011 | D:5      | Noticed Prince Ribbit
  4033 | D:5      | Killed Prince Ribbit
  4156 | D:5      | Reached XP level 8. HP: 66/78 MP: 7/7
  4334 | D:5      | Reached skill level 5 in Unarmed Combat
  4703 | D:6      | Reached skill level 5 in Fighting
  4844 | D:6      | Found an ornate altar of the Wu Jian Council.
  5437 | D:3      | Bought 2 black potions for 52 gold pieces
  5437 | D:3      | Bought 3 scrolls of identify for 174 gold pieces
  5611 | D:7      | Reached XP level 9. HP: 64/89 MP: 8/8
  5729 | D:7      | Found a flagged portal.
  5738 | Bailey   | Entered a bailey
  5878 | Bailey   | Reached skill level 8 in Shapeshifting
  6007 | Bailey   | Noticed an orc knight
  6014 | Bailey   | Noticed an orc knight
  6014 | Bailey   | HP: 3/89 [orc warrior/+0 halberd (31)]
  6015 | Bailey   | Slain by an orc warrior

Illustrated notes

Levels and vault maps discovered:
D:1:      dpeg_arrival_houses_and_road, layout_basic,
          hangedman_decor_clover_reticule
D:2:      layout_basic, serial_shops, nicolae_shop_getting_attention
D:3:      layout_basic, minitemple, serial_shops, shop,
          chequers_ecumenical_altar_grove
D:4:      layout_basic, roderic_serpentine_path, minmay_ruptured
D:5:      layout_cave_pools, uniq_prince_ribbit1
D:6:      layout_basic, nicolae_wu_jian_wuxing_cycle
D:7:      layout_basic, minmay_temple_entry_fiery, enter_bailey_2,
          nicolae_lava_and_water, minmay_diced_spiral
Bailey:   bailey_polearm_5, bailey

Skill      XL: |  1  2  3  4  5  6  7  8  9 |
---------------+----------------------------+-----
Shapeshifting  | 4 5 6 7 8 |  8.0
Fighting       | 1 4 6 |  6.2
Unarmed Combat | 4 6 7 |  7.3
Dodging        | |  1.5

Action                     |  1- 3 |  4- 6 |  7- 9 || total
---------------------------+-------+-------+-------++-------
  Melee: Short sword       |   105 |   187 |       ||   292
         Unarmed           |     2 |    33 |   262 ||   297
         Punch             |     3 |     1 |       ||     4
  Evoke: Wand              |       |       |     4 ||     4
    Use: Scroll            |       |     5 |     7 ||    12
         Potion            |       |     1 |     1 ||     2
 Armour: Animal skin       |    67 |   149 |   223 ||   439
  Dodge: Dodged            |    54 |   100 |   136 ||   290
   Form: Flux              |       |     1 |       ||     1

Table legend: (Time is in decaauts)
 A = Elapsed time spent in this place.
 B = Non-inter-level travel time spent in this place.
 C = Inter-level travel time spent in this place.
 D = Time resting spent in this place.
 E = Time spent auto-exploring this place.
 F = Levels seen in this place.
 G = Mean time per level.
                   A        B        C        D        E       F      G
               +--------+--------+--------+--------+--------+-----+--------+
         Total |   5995 |   5645 |    350 |    551 |   3781 |   8 |  749.4 |
       Dungeon |   5723 |   5373 |    350 |    514 |   3643 |   7 |  817.6 |
        Bailey |    272 |    272 |      0 |     37 |    138 |   1 |  272.0 |
               +--------+--------+--------+--------+--------+-----+--------+

Top non-repeatable levels by time:
     D:3: 1452 daAuts
     D:4: 1219 daAuts
     D:2: 957 daAuts
     D:6: 700 daAuts
     D:5: 664 daAuts
     D:1: 519 daAuts
  Bailey: 272 daAuts
     D:7: 208 daAuts
